 Dungeon Crawl Stone Soup version 0.29-a0-857-g9b1aa3ac5b (webtiles) character file.

Game seed: 11616992240519164330

65 nxtlvl the Slasher (level 3, 0/22 HPs)
             Began as a Deep Elf Monk on July 16, 2022.
             Slain by an iguana (4 damage)
             ... on level 3 of the Dungeon.
             The game lasted 00:08:47 (1130 turns).

nxtlvl the Slasher (Deep Elf Monk)                  Turns: 1130, Time: 00:08:48

Health: 0/22       AC:  8    Str:  8    XL:     3   Next: 94%
Magic:  5/5        EV: 13    Int: 22    God:
Gold:   22         SH:  0    Dex: 17    Spells: 1/2 levels left

rFire   . . .      SeeInvis .   a - +0 falchion
rCold   . . .      Faith    .   (no shield)
rNeg    . . .      Spirit   .   b - +0 robe
rPois   .          Reflect  .   (no helmet)
rElec   .          Harm     .   f - +1 cloak
rCorr   .          Rampage  .   (no gloves)
Will    .....                   (no boots)
Stlth   ++........              (no amulet)
HPRegen 0.07/turn               g - +4 ring of protection
MPRegen 0.09/turn               n - +6 ring of intelligence

@: no status effects
A: no striking features
a: no special abilities


You were on level 3 of the Dungeon.
You visited 1 branch of the dungeon, and saw 4 of its levels.

You collected 202 gold pieces.
You spent 180 gold pieces at shops.

Inventory:

Hand Weapons
 a - a +0 falchion (weapon)
 o - the +10 hammer of Innocence {antimagic, rCorr Int+3}
   (You found it on level 3 of the Dungeon)

   It reduces the magical energy of the wielder, and disrupts the spells and
   magical abilities of those it strikes.
   Natural abilities and divine invocations are not affected.
   Int:       It affects your intelligence (+3).
   rCorr:     It protects you from acid and corrosion.
 p - a +3 quarterstaff of chaos
Missiles
 q - 4 atropa-tipped darts (quivered)
Armour
 b - a +0 robe (worn)
 f - a +1 cloak (worn)
Jewellery
 g - a +4 ring of protection (left hand)
 n - a +6 ring of intelligence (right hand)
Wands
 j - a wand of quicksilver (8)
 k - a wand of flame (12)
Scrolls
 d - a scroll of blinking {unknown}
 h - a scroll of fear {unknown}
 l - a scroll of identify {unknown}
Potions
 c - a potion of ambrosia
 e - 2 potions of degeneration {unknown}
 i - a potion of lignification {unknown}
 m - a potion of curing {unknown}


   Skills:
 - Level 2.4 Fighting
 + Level 4.4 Long Blades
 - Level 3.6 Dodging
 - Level 2.4 Stealth
 + Level 0.0 Spellcasting
 * Level 0.0 Conjurations


You had one spell level left.
You knew the following spells:

 Your Spells              Type           Power      Damage    Failure   Level
a - Magic Dart            Conj           0%         1d3       17%         1

Your spell library contained the following spells:

 Spells                   Type           Power      Damage    Failure   Level
 Call Imp                 Summ           0%         N/A       26%         2
 Mephitic Cloud           Conj/Pois/Air  0%         N/A       45%         3


Dungeon Overview and Level Annotations

Branches:
Dungeon (4/15)
 Temple: D:4-7

Altars:
Okawaru

Shops:
D:3 :

Annotations:
D:4 Edmund


Message History

Aim: an iguana (72% to hit)
The puff of flame hits the iguana!
The iguana is heavily wounded.
You barely miss the iguana.
The iguana is heavily wounded.
A jackal comes into view.
The iguana bites you but does no damage.
You hit the iguana.
The iguana is heavily wounded.
The jackal bites you.
The iguana bites you but does no damage.
The iguana attacks as you move away! The iguana closely misses you.
A jackal comes into view.
The endoplasm quivers.
The jackal misses you.
The jackal bites you but does no damage.
There is a stone staircase leading up here.
The jackal bites you but does no damage.
The iguana closely misses you.
You climb upwards.
There is a stone staircase leading down here.
You closely miss the iguana.
The iguana is heavily wounded.
The jackal misses you. The iguana bites you.
You barely miss the iguana.
The iguana is heavily wounded.
The jackal barely misses you. The iguana bites you!
The jackal closely misses you.
You closely miss the iguana.
The iguana is heavily wounded.
The jackal closely misses you. The iguana bites you.
* * * LOW HITPOINT WARNING * * *
You hit the iguana.
The iguana is severely wounded.
The jackal bites you but does no damage.
The iguana misses you. The jackal closely misses you.
You hit the iguana but do no damage.
The iguana is severely wounded.
The jackal misses you. The iguana bites you.
You die...

...............#
############...#
#...## #....#
#....# #.#..#
.######.#..##
........##h.#
.#####....l@#
#.###### ...
##.. #.. #.. #..


You could see an iguana and a jackal.

Vanquished Creatures
  Crazy Yiuf (D:3)
  An adder (D:2)
  A dart slug (D:2)
  An orc (D:3)
  A ball python (D:3)
  2 bats (D:3)
  2 endoplasms
  A giant cockroach (D:3)
  2 goblins (D:3)
  2 hobgoblins
  5 kobolds
  2 frilled lizards
  3 rats (D:3)
24 creatures vanquished.

Notes
Turn   | Place    | Note
-------+----------+-------------------------------------------
     0 | D:1      | nxtlvl the Deep Elf Monk began the quest for the Orb.
     0 | D:1      | Reached XP level 1. HP: 13/13 MP: 3/3
   199 | D:1      | Reached skill level 3 in Long Blades
   374 | D:2      | Reached XP level 2. HP: 15/18 MP: 4/4
   472 | D:4      | Noticed a black bear
   602 | D:3      | Reached XP level 3. HP: 19/22 MP: 5/5
   629 | D:3      | Found Vabehade's Book Shoppe.
   688 | D:3      | Found an iron altar of Okawaru.
   746 | D:3      | Found a runed translucent door.
   747 | D:3      | Noticed Crazy Yiuf
   754 | D:3      | Killed Crazy Yiuf
   755 | D:3      | Reached skill level 4 in Long Blades
   758 | D:3      | Identified the +10 hammer of Innocence {antimagic, rCorr
                  | Int+3}
   861 | D:4      | Noticed Edmund
  1052 | D:3      | Bought a book of Minor Magic for 180 gold pieces
  1054 | D:3      | Learned a level 1 spell: Magic Dart
  1130 | D:3      | Slain by an iguana

Illustrated notes

Levels and vault maps discovered:
D:1:      spicycebolla_arrival_transporter_tutorial, layout_basic,
          shapermc_ecumenical_altar_mp_urbaneastern
D:2:      layout_loops_corners
D:3:      layout_basic, kennysheep_okawaru_gauntlet, serial_shops, shop,
          st_stairs_11, uniq_crazy_yiuf_cottage, uniq_natasha
D:4:      layout_cave_pools, uniq_edmund

Skill      XL: |  1  2  3 |
---------------+----------+-----
Long Blades    | 3 4 |  4.4
Fighting       | |  2.4
Dodging        | |  3.6
Stealth        | |  2.4

Action                   || total
-------------------------++-------
Melee: Falchion          ||    79
Evoke: Wand              ||     5
 Stab: Sleeping          ||     1
Armor: Robe              ||    31
Dodge: Dodged            ||    52

Table legend: (Time is in decaauts)
 A = Elapsed time spent in this place.
 B = Non-inter-level travel time spent in this place.
 C = Inter-level travel time spent in this place.
 D = Time resting spent in this place.
 E = Time spent auto-exploring this place.
 F = Levels seen in this place.
 G = Mean time per level.
                   A        B        C        D        E       F      G
               +--------+--------+--------+--------+--------+-----+--------+
         Total |   1139 |   1007 |    132 |      0 |    143 |   4 |  284.8 |
       Dungeon |   1139 |   1007 |    132 |      0 |    143 |   4 |  284.8 |
               +--------+--------+--------+--------+--------+-----+--------+

Top non-repeatable levels by time:
     D:3: 709 daAuts
     D:1: 249 daAuts
     D:2: 161 daAuts
     D:4: 19 daAuts
